AoeStats
← diekaiserwurst

Baltic

510363637Analyzed
2v2 RM · 2d ago on Sep 30, 2026· 49m 24s· 4 players
Game mode
Random Map
Map size
Medium (4 player)
Population
200
Speed
Normal
Resources
Standard
Victory
Conquest
Starting age
Dark Age
Ending age
Imperial Age
RankedLock teamsTeams togetherTeam positionsShared explorationLock speedFull tech treeHidden civsTurbo modeCheats
Victory
Defeat
🇦🇹 Malay · Austria
1193
+11
🇪🇸 Lithuanians · Spain
1131
+13
🇫🇷 Vikings · France
1102
-13
🇫🇷 Wei · France
1044
-11
OBrien11
0:42 Loom
13:46 Feudal Age
15:02 Wheelbarrow
14:15 Double-Bit Axe
14:16 Fishing Lines
19:48 Castle Age
17:49 Fletching
18:13 Forging
19:20 Scale Barding Armor
19:21 Gold Mining
20:45 Medium Warships
20:55 Bloodlines
20:46 Husbandry
21:48 Bow Saw
24:39 Iron Casting
25:16 Chain Barding Armor
26:15 Stone Mining
28:10 Hand Cart
32:57 Imperial Age
30:46 Gillnets
32:57 Stone Shaft Mining
32:05 Horse Collar
32:48 Heavy Plow
34:03 Conscription
34:32 Plate Barding Armor
34:17 Cavalier
34:53 Elite Leitis
37:52 Bodkin Arrow
40:30 Murder Holes
40:56 Ballistics
diekaiserwurst
4:56 Loom
11:16 Feudal Age
15:02 Fishing Lines
15:10 Double-Bit Axe
17:03 Horse Collar
20:59 Castle Age
22:06 Forging
24:00 Wheelbarrow
26:19 Medium Warships
27:13 Hand Cart
28:28 Bow Saw
28:39 Heavy Plow
28:37 Gold Mining
31:12 Town Watch
35:19 Imperial Age
34:12 Iron Casting
34:41 Fletching
35:42 Scale Barding Armor
38:24 Blast Furnace
38:26 Light Cavalry
39:47 Bodkin Arrow
40:22 Forced Levy
39:44 Man-at-Arms
41:54 Elite Battle Elephant
43:00 Long Swordsman
43:44 Squires
43:30 Arson
45:16 Thalassocracy
45:37 Conscription
44:59 Two-Handed Swordsman
46:03 Husbandry
Fromajeance
8:51 Loom
10:49 Feudal Age
11:05 Man-at-Arms
12:28 Double-Bit Axe
13:56 Fishing Lines
15:00 Arson
18:26 Scale Mail Armor
20:58 Castle Age
20:40 Horse Collar
21:36 Long Swordsman
22:29 Pikeman
24:59 Forging
27:15 Heavy Plow
27:27 Bow Saw
29:13 Squires
35:21 Imperial Age
33:56 Gold Mining
35:38 Chieftains
35:27 Two-Handed Swordsman
37:08 Conscription
37:11 Champion
37:35 Capped Ram
39:24 Chain Mail Armor
41:11 Plate Mail Armor
42:08 Gold Shaft Mining
44:19 Iron Casting
46:29 Sappers
Kewoder
6:49 Loom
9:26 Feudal Age
9:51 Double-Bit Axe
9:49 Horse Collar
10:30 Horse Collar
17:03 Wheelbarrow
17:04 Bloodlines
20:53 Castle Age
19:38 Forging
21:55 Hand Cart
21:52 Bow Saw
22:04 Husbandry
23:04 Town Watch
25:19 Gold Mining
25:23 Stone Mining
29:09 Iron Casting
28:40 Scale Barding Armor
31:20 Town Patrol
37:06 Imperial Age
37:38 Elite Tiger Cavalry
41:20 Light Cavalry
Connection lost

Rejoining the realm…

Still unreachable

The connection could not be restored.

Session expired

The server has moved on; the page needs a fresh start.